 Dungeon Crawl Stone Soup version 0.20.1-1-g8b1a95d (webtiles) character file.

74 Schiappus the Chopper (level 4, -7/52 HPs)
             Began as a Demonspawn Berserker on Nov 29, 2017.
             Was a Believer of Trog.
             Mangled by Lanoc's ghost (9 damage)
             ... on level 3 of the Dungeon.
             The game lasted 00:04:32 (1860 turns).

Schiappus the Chopper (Demonspawn Berserker)        Turns: 1860, Time: 00:04:33

Health: -7/52      AC:  4    Str: 23    XL:     4   Next: 9%
Magic:  4/4        EV: 12    Int:  9    God:    Trog [**....]
Gold:   88         SH:  0    Dex: 12    Spells: 3/3 levels left

rFire    . . .     SeeInvis +   a - +1 hand axe
rCold    . . .     Gourm    .   (no shield)
rNeg     . . .     Faith    .   b - +0 animal skin
rPois    .         Spirit   .   (helmet unavailable)
rElec    .         Reflect  .   (no cloak)
rCorr    .         Harm     +   (no gloves)
MR       .....                  p - +1 pair of boots
Stlth    ..........             f - amulet of harm
Regen    0.2/turn               (no ring)
MPRegen  0.1/turn               (no ring)

@: berserking, very quick
A: antennae 3
a: Berserk, Trog's Hand, Burn Spellbooks, Renounce Religion


You were on level 3 of the Dungeon.
You worshipped Trog.
Trog was pleased with you.
You were hungry.

You visited 1 branch of the dungeon, and saw 3 of its levels.

You collected 88 gold pieces.

Inventory:

Hand Weapons
 a - a +1 hand axe (weapon)
Armour
 b - a +0 animal skin (worn)
 p - a +1 pair of boots (worn)
Jewellery
 f - an amulet of harm (around neck)
Scrolls
 d - a scroll of identify
Potions
 j - 2 potions of cancellation
 l - a potion of heal wounds
 o - a potion of flight
Comestibles
 c - 2 bread rations
 h - a meat ration
 m - a royal jelly
 n - 2 chunks of flesh


   Skills:
 + Level 3.5 Fighting
 + Level 3.6 Axes
 + Level 2.0 Armour
 + Level 2.1 Dodging
 + Level 1.0 Stealth


You had 3 spell levels left.
You didn't know any spells.

Dungeon Overview and Level Annotations

Branches:
Dungeon (3/15)

Altars:

Annotations:
D:3 Lanoc's ghost, weakling FeTm


Innate Abilities, Weirdness & Mutations

You have a pair of large antennae on your head. (SInv)


Message History

You feel sick.
You are no longer poisoned.
Lanoc's ghost (weakling Felid Transmuter) comes into view.
Lanoc's ghost is nearby!
Lanoc's ghost turns its malevolent gaze towards you.
Lanoc's ghost hits you.
You completely miss Lanoc's ghost. Lanoc's ghost hits you!
* * * LOW HITPOINT WARNING * * *
Lanoc's ghost hits you.
* * * LOW HITPOINT WARNING * * *
You completely miss Lanoc's ghost. Lanoc's ghost closely misses you.
You miss Lanoc's ghost. Lanoc's ghost barely misses you.
A red film seems to cover your vision as you go berserk!
You feel yourself moving faster!
You feel mighty!
You are feeling hungry.
Lanoc's ghost hits you!
* * * LOW HITPOINT WARNING * * *
You closely miss Lanoc's ghost. You miss Lanoc's ghost. Lanoc's ghost hits you!
You die...

# #. #..#####
+......#### #.# #.....#
#.# #.#....... #.#
#.#....... #.#
#@#.......
#.###W##...... #.....#
.....W
####+#######...###
...... ...............#
.####.
..............W####{###
...................W.{#
.............#..........
............##........##


You could see Lanoc's ghost.

Vanquished Creatures
  3 adders
  2 dart slugs (D:1)
  2 leopard geckos (D:1)
  3 giant cockroaches (D:1)
  5 goblins
  6 hobgoblins
  3 jackals (D:1)
  5 kobolds
  A quokka (D:2)
  A ball python (D:1)
  3 bats (D:2)
  A frilled lizard (D:1)
  4 rats
39 creatures vanquished.

Notes
Turn   | Place    | Note
-------+----------+-------------------------------------------
     0 | D:1      | Schiappus the Demonspawn Berserker began the quest for the Orb.
     0 | D:1      | Reached XP level 1. HP: 18/18 MP: 1/1
   114 | D:1      | Gained mutation: You have a pair of small antennae on your head. [demonic ancestry]
   114 | D:1      | Reached XP level 2. HP: 13/24 MP: 2/2
   757 | D:1      | Gained mutation: You have a pair of antennae on your head. [demonic ancestry]
   757 | D:1      | Reached XP level 3. HP: 26/29 MP: 3/3
  1320 | D:2      | Reached ** piety under Trog
  1752 | D:2      | Reached skill level 1 in Stealth
  1801 | D:3      | Gained mutation: You have a pair of large antennae on your head. (SInv) [demonic ancestry]
  1801 | D:3      | Reached XP level 4. HP: 24/35 MP: 4/4
  1830 | D:3      | Noticed Lanoc's ghost (weakling FeTm)
  1858 | D:3      | HP: 2/52 [Lanoc's ghost (9)]
  1860 | D:3      | Mangled by Lanoc's ghost

Skill      XL: |  1  2  3 |
---------------+----------+-----
Axes           | 3 |  3.6
Armour         | 2 |  2.0
Dodging        | 2 |  2.1
Stealth        | 1 |  1.0
Fighting       | |  3.5

Action                   |  1- 3 |  4- 6 || total
-------------------------+-------+-------++-------
Melee: Hand axe          |   116 |     5 ||   121
Invok: Berserk           |       |     1 ||     1
  Use: Scroll            |     7 |       ||     7
 Stab: Sleeping          |     2 |       ||     2
  Eat: Chunk             |     3 |       ||     3
Armor: Animal skin       |    11 |       ||    11
Dodge: Dodged            |    77 |     2 ||    79
